 BcadrenCrawl: Boulder Brew version 0.06-688-g08e91b2d95 (webtiles) character file.

Game seed: 7936812474479951544

272 Leeroy the Archer (level 6, 0/57 HPs) Tengu Centaur. Began on Jan 23, 2023. Was an Initiate of Hepliaklqana. Succumbed to a water moccasin's poison ... on level 2 of the Dungeon. The game lasted 00:04:02 (1239 turns).

Leeroy the Archer (Tengu Centaur)                   Turns: 1239, Time: 00:04:02

Health: 0/57       AC:  4    Str: 26    XL:     6 ^: 344
Magic:  7/7        EV: 12    Int: 12    God:    Hepliaklqana [0* [22]]
Gold:   42         SH:  0    Dex: 12    Spells: 5/5 levels left

rFire    . . .     Slash    x   a - +0 shortbow
rCold    . . .     Pierce   .   (also wielding the above weapon)
rNeg     . . .     Bludgeon .   c - +0 leather armour
rCorr    . . .     Vision   .   (helmet restricted)
rPois    .         Gourm    .   (no cloak)
rElec    .         Faith    .   (no gloves)
MR       +....     Spirit   .   (no barding)
HPRegen  0.29/turn Reflect  .   (no amulet)
MPRegen  0.17/turn Harm     .   j - ring of strength
Stlth    +.........             r - ring of protection from magic

@: mighty, lethally poisoned (0 -> -34), flying quickly and evasively, hasted,
very quick
A: large, reduced essence, beak, hippogriff form, talons, deformed body 1, speed
2, tengu flight, soft flesh, AC +3
a: Stop Flying, Recall Ancestor, Ancestor Identity, Renounce Religion


You were on level 2 of the Dungeon.
You worshipped Hepliaklqana.
Hepliaklqana was noncommittal.
You were not hungry.

You visited 1 branch of the dungeon, and saw 2 of its levels.

You collected 42 gold pieces.

Inventory:

Weapons
 a - a +0 shortbow (weapon)
 b - a +0 short sword
 e - a cursed +1 dagger of pain {(Curse: rC-)}
Armour
 c - a +0 leather armour (worn)
 h - the +2 cloak "Fafuigef" {Int+5}
   (You acquired it on level 2 of the Dungeon)

   It affects your intelligence (+5).
Jewellery
 j - a ring of strength (left hand)
 p - a cursed amulet of reflection {(Curse: *Drain)}
 q - a cursed ring of resist corrosion {(Curse: Slay-2)}
 r - a ring of protection from magic (right hand)
 s - a cursed ring of magical power {(Curse: -Vis)}
 t - a cursed ring of magical power {(Curse: MR-)}
 u - an uncursed amulet of chaos
Scrolls
 l - a scroll of fog
 v - a scroll of magic mapping
Potions
 g - 2 potions of haste
 i - a potion of brilliance
 n - a potion of amnesia
 o - a potion of magic
Comestibles
 d - 3 rations
 f - 8 chunks of flesh


   Skills:
 - Level 2.0 Fighting
 + Level 9.7 Bows
 - Level 2.1 Dodging
 - Level 1.0 Stealth


You had 5 spell levels left.
You didn't know any spells.
Your spell library was empty.

Dungeon Overview and Level Annotations

Branches:
Dungeon (2/8)

Altars:
Hepliaklqana
Kikubaaqudgha
Nemelex Xobeh
Vehumet
Wu Jian
Xom
Yredelemnul


Innate Abilities, Weirdness & Mutations

Your horsehide is resilient. (AC +3)
You have a beak for a mouth.
You have a hippogriff-like bottom half; talons in the front, hooves in the back.
Armour fits poorly on your strangely shaped body.
You cover ground very quickly.
You can fly continuously.
Your speed and evasion are boosted while flying.
Your soft flesh is weak to deep cuts.
Heavy manmade armour will nullify this weakness. (rSlashing-)
Your life essence is reduced to manifest your ancestor. (-10% HP)


Message History

Aiming:
a - a +0 shortbow, Range: 1 (25%)
Press: ? - help, Shift-Dir - straight line, f/p - water moccasin
Aim: a water moccasin (85%, 80% to-hit, severely wounded (9/29), 78% (Melee))
You shoot an arrow. The arrow pokes the water moccasin.
It resists.
The water moccasin is severely wounded. (9/29) HP
* * * LOW HITPOINT WARNING * * *
You feel sick. (1)
The water moccasin bites you (3).
* * * LOW HITPOINT WARNING * * *
You are more poisoned.
The water moccasin poisons you (19)!!
Unknown command.
Aiming:
a - a +0 shortbow, Range: 1 (25%)
Press: ? - help, Shift-Dir - straight line, f/p - water moccasin
Aim: a water moccasin (85%, 80% to-hit, severely wounded (9/29), 78% (Melee))
You shoot an arrow. The arrow pokes the water moccasin (2).
It resists.
The water moccasin is severely wounded. (7/29) HP You die...

#.≈≈≈≈.##≈≈#####
#.≈≈≈≈÷#####
###.≈≈≈≈.#
.≈#≈≈≈≈≈.####
..≈≈≈≈≈≈...≈#
###≈≈≈≈≈.#..#
#≈≈≈≈≈...###
#≈≈≈≈≈..P#≈###
#≈b≈≈≈.###.S@#
#≈P≈≈≈≈..#≈#≈#
#PP≈≈≈...#≈###
#P.....#.≈.#
##P≈†≈≈≈###≈#
#.P≈.≈≈≈##≈.##
##÷..≈≈≈####≈#
##≈≈≈.≈≈≈# ###
#≈≈≈≈.≈≈.#


You could see a water moccasin.

Vanquished Creatures
  A big kobold (D:2)
  2 giant cockroaches (D:1)
  2 worms (D:1)
  8 cinder newts
  A bullfrog (D:2)
  5 oozes
  A dart slug (D:1)
  4 leopard geckos (D:1)
  4 bats (D:1)
  10 goblins (D:1)
  4 hobgoblins (D:1)
  8 kobolds
  5 rats
  A giant blowfly (D:2)
56 creatures vanquished.

Vanquished Creatures (collateral kills)
  A jelly (D:2)
  A leopard gecko (D:2)
  A giant blowfly (D:2)
  A withered plant (D:2)
4 creatures vanquished.

Vanquished Creatures (others)
  An ancestor (D:2)
  29 withered plants (D:2)
30 creatures vanquished.

Grand Total: 90 creatures vanquished

Notes
Turn   | Place    | Note
-------+----------+-------------------------------------------
     0 | D:1      | Leeroy the Tengu Centaur began the quest for the Orb.
     0 | D:1      | Reached XP level 1. HP: 24/24 MP: 2/2
    61 | D:1      | Reached skill level 5 in Bows
    76 | D:1      | Reached XP level 2. HP: 31/32 MP: 3/3
   102 | D:1      | Identified a scroll of acquirement
   303 | D:1      | Reached skill level 6 in Bows
   303 | D:1      | Reached XP level 3. HP: 40/40 MP: 4/4
   450 | D:1      | Reached skill level 7 in Bows
   468 | D:1      | Reached XP level 4. HP: 29/48 MP: 5/5
   718 | D:1      | Reached skill level 8 in Bows
   859 | D:2      | Found a radiant altar of Vehumet.
   859 | D:2      | Found a shimmering altar of Xom.
   859 | D:2      | Found an ornate altar of the Wu Jian Council.
   886 | D:2      | Found a hazy altar of Hepliaklqana.
   886 | D:2      | Found a basalt altar of Yredelemnul.
   887 | D:2      | Found an ancient bone altar of Kikubaaqudgha.
   890 | D:2      | Found a sparkling altar of Nemelex Xobeh.
   897 | D:2      | Became a worshipper of Hepliaklqana the Forgotten
   941 | D:2      | Gained mutation: You can fly continuously. Your speed and
                  | evasion are boosted while flying. [Tengu growth]
   941 | D:2      | Reached XP level 5. HP: 50/50 MP: 6/6
  1030 | D:2      | Reached skill level 9 in Bows
  1147 | D:2      | Reached XP level 6. HP: 57/57 MP: 7/7
  1203 | D:2      | Noticed a water moccasin
  1232 | D:2      | Got the +2 cloak "Fafuigef" {Int+5}
  1238 | D:2      | HP: 1/57 [water moccasin (3)]
  1239 | D:2      | Succumbed to a water moccasin's poison

Illustrated notes

Levels and vault maps discovered:
D:1:      giann_wishing_wells, layout_basic, minmay_pentomino_pile,
          cheibrodos_sewer_entry_bend
D:2:      minmay_bubble_buster, layout_sewer, old_standard_altar, minitemple,
          sewer_minmay_treatment, first_ration, serial_shops,
          nicolae_shop_behind_doors

Skill      XL: |  1  2  3  4  5 |
---------------+----------------+-----
Bows           | 5 6 7 8 9 |  9.7
Fighting       | |  2.0
Dodging        | |  2.1
Stealth        | |  1.0

Action                   |  1- 3 |  4- 6 || total
-------------------------+-------+-------++-------
Melee: Short sword       |       |     2 ||     2
       Unarmed           |       |     2 ||     2
 Fire: Shortbow          |    89 |   126 ||   215
 Abil: Fly               |       |     1 ||     1
  Use: Potion            |       |     3 ||     3
       Scroll            |       |     1 ||     1
Armor: Leather armour    |     6 |     5 ||    11
Dodge: Dodged            |     4 |     6 ||    10
